 Dungeon Crawl Stone Soup version 0.20.1-1-g8b1a95d (webtiles) character file.

2968 Folque the Destroyer (level 9, -1/55 HPs)
             Began as an Octopode Wizard on Nov 15, 2017.
             Was an Elder of Sif Muna.
             Slain by a killer bee (3 damage)
             ... on level 8 of the Dungeon.
             The game lasted 00:36:18 (8079 turns).

Folque the Destroyer (Octopode Wizard)              Turns: 8079, Time: 00:36:19

Health: -1/55      AC:  8    Str:  8    XL:     9   Next: 82%
Magic:  17/29      EV: 13    Int: 28    God:    Sif Muna [****..]
Gold:   444        SH:  0    Dex: 11    Spells: 14/22 levels left

rFire    . . .     SeeInvis .   g - +1 scythe (venom)
rCold    . . .     Gourm    .   (shield currently unavailable)
rNeg     . . .     Faith    .   a - +1 hat
rPois    .         Spirit   .   (no amulet)
rElec    .         Reflect  .   d - +6 ring of protection
rCorr    .         Harm     .   e - ring of stealth
MR       .....                  k - ring of wizardry
Stlth    ++++......             y - +2 ring of strength
Regen    0.2/turn               K - ring of magical power
MPRegen  0.3/turn               (no ring)
                                (no ring)
                                (no ring)

@: brilliant, lethally poisoned (-1 -> -10), very slightly contaminated
A: almost no armour, stealthy swim, amphibious, 8 rings, constrict 8, camouflage
1, gelatinous body 1
a: Divine Energy, Channel Magic, Forget Spell, Renounce Religion


You were on level 8 of the Dungeon.
You worshipped Sif Muna.
Sif Muna was greatly pleased with you.
You were not hungry.

You visited 2 branches of the dungeon, and saw 9 of its levels.
You also visited: Sewer.

You collected 444 gold pieces.

Inventory:

Hand Weapons
 g - a +1 scythe of venom (weapon)
 r - a +4 dagger
 z - a +0 fustibalus
 D - a +0 flail of draining
 E - a +1 short sword of flaming
Armour
 a - a +1 hat (worn)
Magical Staves
 G - an uncursed staff of conjuration
Jewellery
 d - a +6 ring of protection (left tentacle)
 e - a ring of stealth (right tentacle)
 k - a ring of wizardry (on tentacle)
 y - a +2 ring of strength (on tentacle)
 K - a ring of magical power (on tentacle)
 Q - a cursed +4 ring of strength
Wands
 t - a wand of lightning (0/15)
 L - a wand of confusion (28/48)
 P - a wand of paralysis (17/24)
 S - a wand of iceblast (4/15)
 U - a wand of random effects (22/48)
Scrolls
 j - 3 scrolls of enchant armour
 l - 7 scrolls of remove curse
 o - a scroll of immolation
 p - 2 scrolls of teleportation
 s - a scroll of amnesia {unknown}
 u - 2 scrolls of recharging {unknown}
 w - 6 scrolls of identify
 x - 2 scrolls of enchant weapon {unknown}
 H - a scroll of fear {unknown}
 M - a scroll of summoning {unknown}
 N - a scroll of magic mapping {unknown}
 O - a scroll of torment {unknown}
 R - a scroll of acquirement {unknown}
Potions
 f - a potion of degeneration {unknown}
 h - a potion of heal wounds {unknown}
 n - 5 potions of curing {unknown}
 q - 4 potions of haste
 v - a potion of berserk rage {unknown}
 A - 3 potions of brilliance
 B - 2 potions of invisibility {unknown}
 C - a potion of ambrosia {unknown}
 F - a potion of magic {unknown}
 I - 2 potions of flight {unknown}
 T - a potion of agility {unknown}
Books
 b - a book of Minor Magic

   Spells                             Type                      Level
   a - Magic Dart                     Conjuration                  1
   b - Blink                          Translocation                2
   c - Call Imp                       Summoning                    2
   d - Slow                           Hexes                        2
   e - Conjure Flame                  Conjuration/Fire             3
   f - Mephitic Cloud                 Conjuration/Poison/Air       3
Comestibles
 c - 3 bread rations
 i - 4 meat rations
 J - a royal jelly
 V - a fruit


   Skills:
 - Level 2.5 Fighting
 - Level 2.0 Dodging
 - Level 2.8 Stealth
 + Level 7.4 Spellcasting
 * Level 10.3 Conjurations
 - Level 1.0 Summonings
 - Level 1.0 Translocations
 - Level 3.0 Poison Magic


You had 14 spell levels left.
You knew the following spells:

 Your Spells              Type           Power        Failure   Level  Hunger
a - Magic Dart            Conj           ####         1%          1    None
b - Call Imp              Summ           ####....     1%          2    None
c - Blink                 Tloc           N/A          1%          2    None
d - Mephitic Cloud        Conj/Pois/Air  ######..     1%          3    None


Dungeon Overview and Level Annotations

Branches:
Dungeon (8/15)             Temple (1/1) D:7
   Lair: D:8-11

Altars:
Ashenzari
Cheibriados
Dithmenos
Fedhas
Gozag
Hepliaklqana
Makhleb
Nemelex Xobeh
Okawaru
Ru
Sif Muna
Trog
Uskayaw
Vehumet
Xom
Yredelemnul
Zin
The Shining One


Innate Abilities, Weirdness & Mutations

You cannot wear most types of armour.
You are very stealthy in the water. (Stealth+)
You are amphibious.
You can wear up to eight rings at the same time.
You can use your tentacles to constrict eight enemies at once.
Your skin changes colour to match your surroundings (Stealth+).
Your rubbery body absorbs attacks. (AC +1, EV +1)


Message History

* * * LOW HITPOINT WARNING * * *
The bullfrog skeleton closely misses you.
Your crimson imp barely misses the killer bee.
Your white imp barely misses the killer bee.
The killer bee stings you but does no damage.
The killer bee stings you.
* * * LOW HITPOINT WARNING * * *
You are more poisoned.
The killer bee poisons you!
The bullfrog skeleton closely misses you.
Your crimson imp barely misses the killer bee.
Your white imp hits the killer bee but does no damage.
The killer bee stings you but does no damage.
The killer bee closely misses your white imp.
The bullfrog skeleton closely misses you.
It was a potion of brilliance.
You feel clever all of a sudden.
* * * LOW HITPOINT WARNING * * *
You feel sick. The killer bee stings you.
You die...

###########
#.........## ###
#.Y...†.<...# ##.#
#..............###5.#
#........>.....#.y5.#
#.............yZ@##.#
#......y....?..y###.#
#...............# #.#
##.y..y.......#.# #.#
...y...y......# #.##
#..# ## #..# ..# ##..
.? #.# ##.#


You could see 4 killer bees, a bullfrog skeleton, a friendly crimson imp and a
friendly white imp.

Vanquished Creatures
  Grinder (D:4)
  A human (D:7)
  Menkaure (D:4)
  Edmund (D:4)
  A hornet zombie (D:7)
  An ice beast (D:7)
  Purgy (Sewer)
  2 sky beasts
  An ogre (D:5)
  A phantom (D:5)
  2 centaurs
  Blork the orc (D:6)
  A bullfrog (D:6)
  A wyvern skeleton (D:6)
  A water moccasin skeleton (D:6)
  5 killer bees
  A howler monkey (D:6)
  3 crimson imps
  2 jellies
  4 orc priests
  A hound (D:7)
  9 orc wizards
  A gnoll shaman (D:4)
  2 iguanas
  A worker ant (D:4)
  A hound skeleton (D:5)
  2 worker ant zombies
  8 gnolls
  10 adders
  2 oozes (D:2)
  2 adder zombies (D:6)
  3 adder skeletons
  A worm (D:2)
  A dart slug (D:1)
  5 leopard geckos
  20 orcs
  8 ball pythons
  6 giant cockroaches
  9 goblins
  8 hobgoblins
  7 jackals
  3 kobolds
  4 quokkas
  A ball python skeleton (D:4)
  6 bats
  9 frilled lizards
  A giant cockroach zombie (D:6)
  A kobold zombie (D:7)
  A leopard gecko skeleton (D:4)
  A quokka zombie (D:5)
  9 rats
  2 plants (D:6)
177 creatures vanquished.

Vanquished Creatures (collateral kills)
  Sigmund (D:5)
  The ghost of Feta the Magician, an amateur DEFE (Sewer)
  A scorpion (D:8)
  A killer bee (D:8)
  An adder (D:2)
  3 worms
  A ball python (D:5)
  3 frilled lizards
  A rat (D:5)
13 creatures vanquished.

Vanquished Creatures (others)
  4 toadstools (D:1)
4 creatures vanquished.

Grand Total: 194 creatures vanquished

Notes
Turn   | Place    | Note
-------+----------+-------------------------------------------
     0 | D:1      | Folque the Octopode Wizard began the quest for the Orb.
     0 | D:1      | Reached XP level 1. HP: 11/11 MP: 4/4
   602 | D:1      | Reached XP level 2. HP: 11/18 MP: 6/6
   909 | D:1      | Reached skill level 1 in Fighting
  1143 | D:1      | Reached XP level 3. HP: 23/23 MP: 7/7
  1147 | D:1      | Learned a level 2 spell: Call Imp
  1150 | D:1      | Learned a level 2 spell: Blink
  1154 | D:1      | Learned a level 3 spell: Mephitic Cloud
  1408 | D:2      | Found a deep blue altar of Sif Muna.
  1414 | D:2      | Became a worshipper of Sif Muna the Loreminder
  1860 | D:2      | Reached XP level 4. HP: 30/30 MP: 9/9
  2165 | D:2      | Reached skill level 1 in Poison Magic
  2496 | D:3      | Reached XP level 5. HP: 35/35 MP: 3/10
  2689 | D:3      | Reached skill level 2 in Conjurations
  2815 | D:3      | Reached * piety under Sif Muna
  3220 | D:4      | Reached XP level 6. HP: 34/41 MP: 4/12
  3384 | D:4      | Noticed Edmund
  3387 | D:4      | Reached skill level 3 in Conjurations
  3412 | D:4      | Killed Edmund
  3433 | D:4      | Reached skill level 4 in Conjurations
  3654 | D:4      | Reached XP level 7. HP: 35/45 MP: 13/13
  3755 | D:4      | Found an opulent altar of Gozag.
  3822 | D:4      | Noticed Menkaure
  3828 | D:4      | Killed Menkaure
  4283 | D:4      | Reached ** piety under Sif Muna
  4285 | D:4      | Reached skill level 5 in Conjurations
  4447 | D:4      | Noticed Grinder
  4463 | D:4      | Paralysed by Grinder for 7 turns
  4482 | D:4      | Killed Grinder
  4482 | D:4      | Reached skill level 5 in Spellcasting
  4482 | D:4      | Reached skill level 6 in Conjurations
  4482 | D:4      | Reached XP level 8. HP: 37/51 MP: 10/15
  4747 | D:5      | Entered Level 5 of the Dungeon
  4873 | D:5      | Found a glowing drain.
  5128 | D:5      | Reached skill level 7 in Conjurations
  5186 | Sewer    | Entered a sewer
  5186 | Sewer    | Noticed Feta's ghost (amateur DEFE)
  5198 | Sewer    | Killed Feta's ghost
  5261 | Sewer    | Noticed Purgy
  5267 | Sewer    | Killed Purgy
  5270 | Sewer    | Reached *** piety under Sif Muna
  5493 | D:5      | Found a snail-covered altar of Cheibriados.
  5542 | D:5      | Noticed Sigmund
  5556 | D:5      | Killed Sigmund
  5556 | D:5      | Reached skill level 8 in Conjurations
  5835 | D:6      | Reached XP level 9. HP: 55/55 MP: 16/18
  6100 | D:6      | Noticed Blork the orc
  6107 | D:6      | Killed Blork the orc
  6175 | D:6      | Reached skill level 9 in Conjurations
  6261 | D:6      | Found a sacrificial altar of Ru.
  6882 | D:7      | Found a runed door.
  6885 | D:7      | Found a basalt altar of Yredelemnul.
  6895 | D:7      | Reached **** piety under Sif Muna
  7024 | D:7      | Found a hazy altar of Hepliaklqana.
  7229 | D:7      | Found a staircase to the Ecumenical Temple.
  7238 | Temple   | Entered the Ecumenical Temple
  7561 | D:7      | Reached skill level 10 in Conjurations
  7896 | D:8      | Noticed a queen bee
  8079 | D:8      | HP: 2/55 [poisoned by a killer bee]
  8079 | D:8      | Slain by a killer bee

Skill      XL: |  1  2  3  4  5  6  7  8  9 |
---------------+----------------------------+-----
Fighting       | 1 2 |  2.5
Poison Magic   | 1 3 |  3.0
Conjurations   | 2 4 6 8 10 | 10.3
Spellcasting   | 4 5 6 7 |  7.4
Dodging        | |  2.0
Stealth        | |  2.8
Summonings     | |  1.0
Translocations | |  1.0

Action                   |  1- 3 |  4- 6 |  7- 9 || total
-------------------------+-------+-------+-------++-------
Melee: Unarmed           |    34 |       |       ||    34
       Constrict         |    18 |    38 |    50 ||   106
       Tentacles         |     9 |    23 |    37 ||    69
       Short sword       |    37 |    16 |    97 ||   150
       Dagger            |    25 |   102 |       ||   127
       Flail             |       |     4 |       ||     4
       Scythe            |       |       |   153 ||   153
 Cast: Magic Dart        |    10 |     1 |    20 ||    31
       Call Imp          |     1 |    13 |    28 ||    42
       Mephitic Cloud    |       |     8 |    24 ||    32
       Blink             |       |     2 |    17 ||    19
Evoke: Wand              |       |       |     3 ||     3
  Use: Scroll            |     4 |     1 |     5 ||    10
       Potion            |       |       |     1 ||     1
 Stab: Sleeping          |    11 |     8 |    11 ||    30
       Confused          |       |     2 |    15 ||    17
       Distracted        |       |     1 |     1 ||     2
  Eat: Chunk             |     3 |     6 |    13 ||    22
       Royal jelly       |       |       |     1 ||     1
Armor: Skin              |    22 |    24 |    91 ||   137
Dodge: Dodged            |    62 |    63 |   154 ||   279
